 Dungeon Crawl Stone Soup version 0.24.1-1-gd1d2a07e1b (webtiles) character file.

Game seed: 18421918004076779315, levelgen mode: deterministic

2732 Destapler the Grappler (level 9, -5/84 HPs)
             Began as a Troll Berserker on Apr 9, 2020.
             Was a Priest of Trog.
             Slain by Menkaure (13 damage)
             ... on level 7 of the Dungeon.
             The game lasted 00:11:18 (4132 turns).

Destapler the Grappler (Troll Berserker)            Turns: 4132, Time: 00:11:20

Health: -5/84      AC: 14    Str: 27 (30) XL:     9   Next: 40%
Magic:  9/9        EV: 10    Int:  2 (3)  God:    Trog [***...]
Gold:   377        SH:  0    Dex:  6 (9)  Spells: 8/8 levels left

rFire    . . .     SeeInvis .     - Unarmed
rCold    . . .     Gourm    +   (no shield)
rNeg     + + .     Faith    .   C - +2 robe {rN+}
rPois    .         Spirit   .   m - +2 hat
rElec    .         Reflect  .   (no cloak)
rCorr    .         Harm     .   (gloves unavailable)
MR       ++...                  (boots unavailable)
Stlth    +.........             p - amulet of regeneration
HPRegen  2.04/turn              e - ring of positive energy
MPRegen  0.11/turn              r - +4 ring of protection

@: regenerating
A: large, unfitting armour, claws 3, fast metabolism 3, gourmand, regeneration
1, shaggy fur 1, tough skin 3
a: Berserk, Trog's Hand, Renounce Religion


You were on level 7 of the Dungeon.
You worshipped Trog.
Trog was most pleased with you.
You were completely stuffed.

You visited 1 branch of the dungeon, and saw 7 of its levels.

You collected 377 gold pieces.

Inventory:

Missiles
 f - 4 javelins
 q - 5 boomerangs
 A - 11 poisoned darts
 D - 2 throwing nets (quivered)
 E - 5 curare-tipped darts
Armour
 a - a +0 animal skin
 m - a +2 hat (worn)
 C - a +2 robe of positive energy (worn)
Jewellery
 e - a ring of positive energy (left claw)
 p - an amulet of regeneration (around neck)
 r - a +4 ring of protection (right claw)
Wands
 s - a wand of polymorph (11)
 B - a wand of flame (31)
 F - a wand of random effects (13)
Scrolls
 d - 3 scrolls of immolation {unknown}
 h - 2 scrolls of fog {unknown}
 j - 3 scrolls of magic mapping {unknown}
 l - 3 scrolls of blinking {unknown}
 n - a scroll of amnesia {unknown}
 o - 6 scrolls of identify {unknown}
 v - a scroll of teleportation {unknown}
 y - 3 scrolls of remove curse {unknown}
 H - 2 scrolls of enchant armour {unknown}
 I - a scroll of random uselessness {unknown}
Potions
 c - 2 potions of might {unknown}
 g - 4 potions of heal wounds {unknown}
 i - a potion of invisibility {unknown}
 t - a potion of curing {unknown}
 u - a potion of flight {unknown}
 w - a potion of brilliance {unknown}
 x - 3 potions of agility {unknown}
 z - a potion of lignification {unknown}
 G - a potion of berserk rage {unknown}
Comestibles
 b - 11 rations
 J - a chunk of flesh


   Skills:
 + Level 3.9 Fighting
 - Level 5.8 Throwing
 - Level 2.4 Dodging
 * Level 10.2 Unarmed Combat
 + Level 2.5 Evocations


You had 8 spell levels left.
You didn't know any spells.
Your spell library was empty.

Dungeon Overview and Level Annotations

Branches:
Dungeon (7/15)             Temple (0/1) D:5

Altars:

Annotations:
D:7 Menkaure


Innate Abilities, Weirdness & Mutations

You are too large for most types of armour.
You have claws for hands.
Your metabolism is lightning-fast.
You like to eat raw meat.
Your natural rate of healing is unusually fast.
You are covered in fur. (AC +1)
You have extremely tough skin. (AC +3)


Message History

The hippogriff claws you but does no damage.
You closely miss the hippogriff.
The hippogriff is severely wounded.
You claw the hippogriff!
The hippogriff is almost dead.
The hippogriff bites you but does no damage.
The hippogriff barely misses you. The hippogriff claws you.
* * * LOW HITPOINT WARNING * * *
The hippogriff bites you but does no damage.
The hippogriff misses you. The hippogriff closely misses you.
Menkaure hits you!!
* * * LOW HITPOINT WARNING * * *
It was a potion of degeneration.
There was something very wrong with that liquid.
You feel weakened.
You feel dopey.
You feel clumsy.
You feel the effects of Trog's Hand fading.
The hippogriff closely misses you. The hippogriff barely misses you.
The hippogriff claws you but does no damage.
Menkaure hits you!
You die...

#############
#...%...>...#
#......$....###########
#...........'..........
#...........###########
#....H@.....#
#....M......#
#..............
#..............
#...............
#......>.........
#..(............
#.............#


You could see a hippogriff and Menkaure.

Vanquished Creatures
  Pikel (D:4)
  The ghost of lysyklops the Skirmisher, an amateur NaFi (D:3)
  Prince Ribbit (D:5)
  Grinder (D:4)
  Sigmund (D:4)
  Duvessa (D:5)
  3 slaves (D:4)
  An ice beast (D:7)
  A sky beast (D:5)
  An ogre (D:4)
  The ghost of Alannah the Sneak, an amateur DsAs (D:3)
  The ghost of Destapler the Grave Robber, an amateur DENe (D:3)
  Blork the orc (D:5)
  Dowan (D:5)
  A scorpion (D:6)
  A howler monkey (D:5)
  3 crimson imps (D:5)
  A centaur zombie (D:6)
  2 hounds
  A jelly (D:7)
  A centaur skeleton (D:7)
  4 orc priests
  An iguana (D:5)
  4 orc wizards
  A worker ant (D:4)
  A killer bee zombie (D:6)
  A hound skeleton (D:7)
  Robin (D:4)
  7 gnolls
  3 adders
  A shadow imp (D:6)
  An adder skeleton (D:4)
  3 worms
  A dart slug (D:1)
  3 leopard geckos
  10 orcs
  4 ball pythons
  6 giant cockroaches
  9 goblins
  6 hobgoblins
  2 quokkas (D:2)
  A ball python zombie (D:5)
  8 bats
  5 frilled lizards
  A jackal zombie (D:5)
  10 kobolds
  2 leopard gecko zombies
  11 rats
133 creatures vanquished.

Vanquished Creatures (others)
  A slave (D:4)
1 creature vanquished.

Grand Total: 134 creatures vanquished

Notes
Turn   | Place    | Note
-------+----------+-------------------------------------------
     0 | D:1      | Destapler the Troll Berserker began the quest for the Orb.
     0 | D:1      | Reached XP level 1. HP: 22/22 MP: 0/0
   248 | D:1      | Reached skill level 1 in Throwing
   248 | D:1      | Reached XP level 2. HP: 29/29 MP: 1/1
   765 | D:2      | Reached ** piety under Trog
   801 | D:2      | Reached XP level 3. HP: 36/36 MP: 2/2
  1151 | D:2      | Reached skill level 4 in Unarmed Combat
  1395 | D:3      | Found a runed translucent gate.
  1395 | D:3      | Found a runed translucent gate.
  1397 | D:3      | Found a runed translucent gate.
  1399 | D:3      | Noticed lysyklops's ghost (amateur NaFi)
  1399 | D:3      | Noticed Alannah's ghost (amateur DsAs)
  1399 | D:3      | Noticed Destapler's ghost (amateur DENe)
  1418 | D:3      | Killed lysyklops's ghost
  1418 | D:3      | Reached skill level 5 in Unarmed Combat
  1418 | D:3      | Reached XP level 4. HP: 43/44 MP: 3/3
  1418 | D:3      | Reached XP level 5. HP: 49/50 MP: 4/4
  1418 | D:3      | Reached XP level 6. HP: 58/59 MP: 5/5
  1420 | D:3      | Killed Destapler's ghost
  1428 | D:3      | Killed Alannah's ghost
  1533 | D:3      | Reached skill level 6 in Unarmed Combat
  1533 | D:3      | Reached XP level 7. HP: 65/66 MP: 6/6
  1565 | D:3      | Reached *** piety under Trog
  1894 | D:4      | Noticed Robin
  1899 | D:4      | Killed Robin
  1993 | D:4      | Noticed Pikel
  2002 | D:4      | Killed Pikel
  2002 | D:4      | Reached skill level 5 in Throwing
  2002 | D:4      | Reached skill level 7 in Unarmed Combat
  2002 | D:4      | Reached XP level 8. HP: 74/74 MP: 7/7
  2035 | D:4      | Noticed Sigmund
  2069 | D:4      | Killed Sigmund
  2069 | D:4      | Reached skill level 8 in Unarmed Combat
  2236 | D:4      | Noticed Grinder
  2242 | D:4      | Killed Grinder
  2242 | D:4      | Received a gift from Trog
  2435 | D:4      | Reached skill level 9 in Unarmed Combat
  2588 | D:5      | Entered Level 5 of the Dungeon
  2590 | D:5      | Found a staircase to the Ecumenical Temple.
  2694 | D:5      | Reached skill level 1 in Evocations
  2694 | D:5      | Noticed Blork the orc
  2700 | D:5      | Killed Blork the orc
  2831 | D:5      | Noticed Duvessa
  2831 | D:5      | Noticed Dowan
  2839 | D:5      | Killed Duvessa
  2839 | D:5      | Reached XP level 9. HP: 80/83 MP: 9/9
  2845 | D:5      | Noticed Prince Ribbit
  2863 | D:5      | Killed Dowan
  2864 | D:5      | Killed Prince Ribbit
  3400 | D:6      | Reached skill level 10 in Unarmed Combat
  4120 | D:7      | Noticed Menkaure
  4132 | D:7      | Slain by Menkaure

Levels and vault maps discovered:
D:1:      elethiomel_arrival_maze, layout_loops_ring, minivault_5
D:2:      layout_loops_ring, minmay_misc_feat_square
D:3:      layout_rooms, gammafunk_ghost_cemetery
D:4:      layout_loops_ring, uniq_pikel, uniq_robin, uniq_grinder, uniq_sigmund
D:5:      layout_loops_ring, minmay_temple_entry_statues, first_ration,
          uniq_duvessa, uniq_blork_the_orc, uniq_prince_ribbit1
D:6:      layout_cave_pods
D:7:      layout_basic, uniq_menkaure

Skill      XL: |  1  2  3  4  5  6  7  8  9 |
---------------+----------------------------+-----
Throwing       | 1 3 4 5 |  5.8
Unarmed Combat | 5 6 7 9 10 | 10.2
Evocations     | 1 2 |  2.5
Fighting       | 3 |  3.9
Dodging        | |  2.4

Action                   |  1- 3 |  4- 6 |  7- 9 || total
-------------------------+-------+-------+-------++-------
Melee: Unarmed           |   104 |    25 |   222 ||   351
       Punch             |     1 |     1 |    10 ||    12
Throw: Javelin           |       |       |     6 ||     6
       Boomerang         |       |       |     2 ||     2
       Throwing net      |       |       |     1 ||     1
Invok: Trog's Hand       |     1 |       |     7 ||     8
       Berserk           |     1 |       |     3 ||     4
  Use: Potion            |       |       |     1 ||     1
 Stab: Sleeping          |     1 |       |       ||     1
  Eat: Chunk             |    18 |     3 |    29 ||    50
Armor: Animal skin       |    44 |     2 |    41 ||    87
       Robe              |       |       |    58 ||    58
Dodge: Dodged            |    43 |     7 |    93 ||   143
